 Dungeon Crawl Stone Soup version 0.31.0-32-g396128a36d (webtiles) character file.

Game seed: 10612441679746442939

66 monsoonserge the Vexing (level 4, 0/32 HPs)
             Began as a Formicid Hexslinger on Apr 10, 2024.
             Was an Initiate of Cheibriados.
             Slain by a gnoll
             ... wielding a +0 halberd
              (9 damage)
             ... on level 3 of the Dungeon.
             The game lasted 00:07:30 (1950 turns).

monsoonserge the Vexing (Formicid Hexslinger)       Turns: 1950, Time: 00:07:31

Health: 0/32       AC: 10    Str: 14    XL:     4   Next: 37%
Magic:  3/5        EV: 11    Int: 13    God:    Cheibriados [......]
Gold:   162        SH:  0    Dex: 19    Spells: 3/5 levels left

rFire   . . .        a - +1 sling
rCold   . . .        (no shield)
rNeg    . . .        i - +0 ring mail
rPois   .            (helmet unavailable)
rElec   .            (no cloak)
rCorr   .            (no gloves)
SInv    +            n - +0 pair of boots
Will    .....        (no amulet)
Stlth   +            e - +4 ring of protection
HPRegen 0.25/turn    (no ring)
MPRegen 0.09/turn

%: no passive effects
@: weak-willed, jinxed, very slow
A: permanent stasis, dig shafts and tunnels, antennae 3, four strong arms
a: Dig, Shaft Self, Renounce Religion


You were on level 3 of the Dungeon.
You worshipped Cheibriados.
Cheibriados was noncommittal.
You visited 1 branch of the dungeon, and saw 3 of its levels.

You collected 162 gold pieces.

Inventory:

Hand Weapons
 a - a +1 sling (weapon)
Missiles
 l - 4 javelins
Armour
 c - a +0 robe
 i - a +0 ring mail (worn)
 n - a +0 pair of boots (worn)
 q - a +0 leather armour
Jewellery
 e - a +4 ring of protection (left hand)
Scrolls
 f - 2 scrolls of teleportation {unknown}
 g - 3 scrolls of identify {unknown}
 m - a scroll of blinking {unknown}
 o - a scroll of fear {unknown}
Potions
 d - 3 potions of mutation {unknown}
 h - a potion of lignification {unknown}
 j - a potion of attraction {unknown}
 k - a potion of brilliance {unknown}
 p - 2 potions of curing {unknown}
 r - 2 potions of might {unknown}


   Skills:
 + Level 1.2 Fighting
 * Level 3.5 Ranged Weapons
 * Level 0.3 Armour
 + Level 2.0 Dodging
 + Level 0.1 Stealth
 + Level 1.1 Spellcasting
 * Level 4.3 Hexes
 - Level 1.0 Fire Magic


You had 3 spell levels left.
You knew the following spells:

 Your Spells              Type           Power      Damage    Failure   Level
a - Jinxbite              Hex            22%        N/A       14%         2

Your spell library contained the following spells:

 Spells                   Type           Power      Damage    Failure   Level
 Sigil of Binding         Hex            11%        N/A       28%         3
 Summon Small Mammal      Summ           0%         N/A       50%         1
 Inner Flame              Hex/Fire       7%         N/A       50%         3
 Call Canine Familiar     Summ           0%         N/A       86%         3
 Cause Fear               Hex            5%         N/A       67%         4
 Dimensional Bullseye     Hex/Tloc       3%         N/A       93%         4
 Summon Blazeheart Golem  Fire/Summ      2%         N/A       99%         4


Dungeon Overview and Level Annotations

Branches:
Dungeon (3/15)

Altars:
Cheibriados
Dithmenos
Xom
Yredelemnul


Innate Abilities, Weirdness & Mutations

You cannot be hasted, slowed, berserked, paralysed or teleported.
You can dig through walls and to a lower floor.
You have a pair of large antennae on your head. (SInv)
Your four strong arms can wield two-handed weapons with a shield.


Message History

The gnoll barely misses you. x2
Unknown command.
Fire: a) +1 sling
Press: ? - help, Q - select action, (/) - cycle Shift-Dir - straight line, p - gnoll You shoot a sling bullet.
The sling bullet closely misses the gnoll.
The sling bullet hits the gnoll!
The gnoll is heavily wounded.
The gnoll barely misses you.
Fire: a) +1 sling
Press: ? - help, Q - select action, (/) - cycle Shift-Dir - straight line You shoot a sling bullet.
The sling bullet barely misses the gnoll.
The sling bullet hits the gnoll.
The gnoll is heavily wounded.
The gnoll hits you from afar with a +0 halberd.
Fire: a) +1 sling
Press: ? - help, Q - select action, (/) - cycle Shift-Dir - straight line You shoot a sling bullet.
The sling bullet hits the gnoll but does no damage.
The gnoll closely misses you. The gnoll hits you but does no damage.
Unknown command.
Fire: a) +1 sling
Press: ? - help, Q - select action, (/) - cycle Shift-Dir - straight line You shoot a sling bullet.
The sling bullet hits the gnoll.
The gnoll is lightly wounded.
The gnoll hits you from afar with a +0 halberd!
* * * LOW HITPOINT WARNING * * *
Fire: a) +1 sling
Press: ? - help, Q - select action, (/) - cycle Shift-Dir - straight line You shoot a sling bullet.
The sling bullet hits the gnoll.
The gnoll is moderately wounded.
The gnoll barely misses you.
Unknown command.
Casting: Jinxbite (safe; 14% risk of failure)
Confirm with . or Enter, or press ? or * to list all spells.
You beckon some vexing sprites to accompany your attacks.
You feel your willpower being sapped.
The gnoll hits you from afar with a +0 halberd!
You die...

#..........#
#.########.# #.#
######.## #.#
#......). #.#
#.####.##
#.###.####...
#.##.....#### #####
#...........#
#☼.@####.##..##.##.#
#.☼..°§○☼##..##.##.#
#☼°g###°§....##.##..
##g## #..##.###.##.#
#. #..##.# #.##.. #§
#..##.###.#... #○
#............# #☼
#.###.###...## , #.#
#..)..#.#.


You could see 2 gnolls.

Vanquished Creatures
  A gnoll (D:3)
  A dart slug (D:1)
  A ribbon worm (D:2)
  An orc (D:3)
  2 bats
  5 endoplasms
  2 giant cockroaches
  8 hobgoblins
  4 jackals (D:2)
  2 quokkas (D:1)
  5 ball pythons
  4 frilled lizards
  5 goblins
  3 kobolds
  A rat (D:3)
45 creatures vanquished.

Notes
Turn   | Place    | Note
-------+----------+-------------------------------------------
     0 | D:1      | monsoonserge the Formicid Hexslinger began the quest for
                  | the Orb.
     0 | D:1      | Reached XP level 1. HP: 15/15 MP: 2/2
    38 | D:1      | Reached skill level 4 in Hexes
   126 | D:1      | Reached XP level 2. HP: 21/21 MP: 3/3
   585 | D:1      | Learned a level 2 spell: Jinxbite
   616 | D:2      | Reached XP level 3. HP: 26/26 MP: 4/4
   747 | D:2      | Found a shimmering altar of Xom.
  1385 | D:3      | Found a basalt altar of Yredelemnul.
  1395 | D:3      | Found a snail-covered altar of Cheibriados.
  1413 | D:3      | Reached XP level 4. HP: 32/32 MP: 5/5
  1428 | D:3      | Became a worshipper of Cheibriados the Contemplative
  1497 | D:3      | Found a shadowy altar of Dithmenos.
  1950 | D:3      | Slain by a gnoll

Illustrated notes

Levels and vault maps discovered:
D:1:      orjb1_lava_funnel, layout_basic
D:2:      layout_loops_ring, basic_altar
D:3:      layout_loops_ring, nicolae_dithmenos_through_a_glass_darkly,
          mainiacjoe_overflow_large_starburst

Skill      XL: |  1  2  3 |
---------------+----------+-----
Hexes          | 4 |  4.3
Ranged Weapons | 3 |  3.5
Dodging        | 2 |  2.0
Fighting       | |  1.2
Armour         | |  0.3
Stealth        | |  0.1
Spellcasting   | |  1.1
Fire Magic     | |  1.0

Action                     |  1- 3 |  4- 6 || total
---------------------------+-------+-------++-------
   Fire: Sling             |   110 |    43 ||   153
   Cast: Jinxbite          |       |     1 ||     1
Ability: Dig               |     2 |       ||     2
    Use: Scroll            |       |     1 ||     1
 Armour: Robe              |     9 |       ||     9
         Ring mail         |    21 |    18 ||    39
  Dodge: Dodged            |    37 |    23 ||    60
